 Dungeon Crawl Stone Soup version 0.19-a0-1216-g363869b (webtiles) character file.

577 Duffy the Shield-Bearer (level 7, 0/57 HPs)
             Began as a Minotaur Fighter on Aug 23, 2016.
             Slain by Sigmund
             ... wielding a +0 scythe
              (7 damage)
             ... on level 4 of the Dungeon.
             The game lasted 00:02:40 (2403 turns).

Duffy the Shield-Bearer (Minotaur Fighter)          Turns: 2403, Time: 00:02:41

Health: 0/57       AC:  9    Str: 27    XL:     7   Next: 13%
Magic:  6/6        EV:  6    Int:  5    God:
Gold:   212        SH: 11    Dex: 10    Spells: 0 memorised, 6 levels left

rFire  . . .     SeeInvis .     a - +0 broad axe
rCold  + . .     Gourm    .     u - +0 chain mail
rNeg   . . .     Faith    .     c - +0 shield
rPois  .         Spirit   .     (helmet restricted)
rElec  .         Dismiss  .     (no cloak)
rCorr  .         Reflect  .     (no gloves)
MR     .....     Harm     .     (no boots)
Stlth  ..........               (no amulet)
                                (no ring)
                                h - ring of protection from cold

@: mighty
A: retaliatory headbutt, horns 2
a: no special abilities


You were on level 4 of the Dungeon.
You were not hungry.

You visited 1 branch of the dungeon, and saw 4 of its levels.

You collected 212 gold pieces.

Inventory:

Hand Weapons
 a - a +0 broad axe (weapon)
Armour
 c - a +0 shield (worn)
 u - a +0 chain mail (worn)
Jewellery
 h - a ring of protection from cold (left hand)
Wands
 p - a wand of confusion (23/48)
Scrolls
 e - a scroll of enchant weapon {unknown}
 g - 4 scrolls of identify {unknown}
 j - a scroll of teleportation {unknown}
 r - a scroll of random uselessness {unknown}
 t - a scroll of blinking {unknown}
 v - a scroll of recharging {unknown}
 y - a scroll of enchant armour {unknown}
Potions
 b - a potion of heal wounds {unknown}
 d - a potion of might
 l - 2 potions of curing {unknown}
 o - 2 potions of flight {unknown}
 q - 2 potions of haste {unknown}
 w - a potion of lignification {unknown}
 x - a potion of ambrosia {unknown}
Comestibles
 f - 3 bread rations
 i - 2 fruits
 k - a meat ration
 m - a chunk of flesh
 n - 2 beef jerkies
 s - a royal jelly


   Skills:
 - Level 3.6 Fighting
 + Level 5.5(6.2) Axes
   Level 4.2(5.5) Maces & Flails
 - Level 3.6 Armour
 + Level 7.2 Shields


You had 6 spell levels left.
You didn't know any spells.

Dungeon Overview and Level Annotations

Branches:
Dungeon (4/15)
 Temple: D:4-7

Altars:
Dithmenos
Gozag
Hepliaklqana
Sif Muna
Vehumet

Annotations:
D:4 Sigmund


Innate Abilities, Weirdness & Mutations

You reflexively headbutt those who attack you in melee.
You have a pair of horns on your head.


Message History

With Pikel's spell broken, the former slaves thank you for their freedom.
Something closely misses the freed slave.
The freed slave completely misses the water moccasin skeleton.
The freed slave hits the water moccasin skeleton!
Something hits the freed slave!
The water moccasin skeleton bites you but does no damage.
The freed slave hits the water moccasin skeleton.
You slice the water moccasin skeleton!!
You destroy the water moccasin skeleton!
Something hits the freed slave but does no damage.
Something hits you.
You closely miss something. You block something's attack.
The freed slave barely misses something.
You closely miss something. Something hits you!
The freed slave barely misses something. x2
You block something's attack.
You miss something.
The freed slave closely misses something.
Something hits you!
You die...

#.#.## #.#
#.#.#####.#
#.........#
###.####### #.#
# # #.# .p.#.
#.# .
#...p###.##...#
#....)@.......#
#...p###.###..#
p..#. #.# # # #
###


You could see 4 neutral freed slaves.

Vanquished Creatures
  Pikel (D:4)
  A water moccasin skeleton (D:4)
  2 adders
  An ooze (D:2)
  A worm (D:3)
  2 dart slugs
  2 giant geckos
  2 orcs (D:3)
  3 giant cockroaches
  8 goblins
  3 hobgoblins
  6 kobolds
  3 quokkas
  2 ball pythons
  10 bats
  A giant newt (D:1)
  5 rats
53 creatures vanquished.

Notes
Turn   | Place    | Note
-------+----------+-------------------------------------------
     0 | D:1      | Duffy the Minotaur Fighter began the quest for the Orb.
     0 | D:1      | Reached XP level 1. HP: 19/19 MP: 0/0
   265 | D:1      | Reached XP level 2. HP: 26/26 MP: 1/1
   295 | D:1      | Reached skill level 4 in Shields
   830 | D:2      | Found a deep blue altar of Sif Muna.
   830 | D:2      | Found a shadowy altar of Dithmenos.
   869 | D:2      | Found a radiant altar of Vehumet.
   881 | D:2      | Found a hazy altar of Hepliaklqana.
   886 | D:2      | Reached XP level 3. HP: 28/31 MP: 2/2
   944 | D:2      | Found a faded altar of an unknown god.
  1028 | D:2      | Found an opulent altar of Gozag.
  1550 | D:3      | Found a shadowy altar of Dithmenos.
  1565 | D:3      | Reached skill level 1 in Axes
  1565 | D:3      | Reached XP level 4. HP: 39/39 MP: 3/3
  2386 | D:4      | Noticed Pikel
  2386 | D:4      | Noticed a slave
  2386 | D:4      | Noticed a slave
  2386 | D:4      | Noticed a slave
  2388 | D:4      | Noticed a slave
  2388 | D:4      | Noticed Sigmund
  2397 | D:4      | Killed Pikel
  2397 | D:4      | Reached skill level 5 in Axes
  2397 | D:4      | Reached skill level 7 in Shields
  2397 | D:4      | Reached XP level 5. HP: 16/45 MP: 4/4
  2397 | D:4      | Reached XP level 6. HP: 18/51 MP: 5/5
  2397 | D:4      | Reached XP level 7. HP: 20/57 MP: 6/6
  2403 | D:4      | Slain by Sigmund

Vault maps used:
D:1:      lightli_arrival_lavapool, minmay_misc_feat_diagonals
D:2:      nicolae_overflow_crystal_walls, lemuel_round_altar,
          fiery_altar_vehumet, minitemple, ecumenical_altar_1
D:3:      first_bread, nicolae_dithmenos_shadow_blocks
D:4:      kennysheep_kobold_camp, evilmike_ruin_ashenzari, uniq_robin,
          uniq_crazy_yiuf_cottage, uniq_pikel, uniq_sigmund

Skill      XL: |  1  2  3  4 |
---------------+-------------+-----
Maces & Flails | 3 4 |  4.2
Shields        | 4 7 |  7.2
Axes           | 1 5 |  5.5
Fighting       | |  3.6
Armour         | |  3.6

Action                   |  1- 3 |  4- 6 |  7- 9 || total
-------------------------+-------+-------+-------++-------
Melee: Flail             |   107 |       |       ||   107
       Headbutt          |    13 |     7 |       ||    20
       Broad axe         |    14 |    33 |     4 ||    51
  Use: Potion            |       |     1 |       ||     1
  Eat: Chunk             |     2 |     3 |       ||     5
Armor: Scale mail        |    74 |       |       ||    74
       Chain mail        |       |    11 |     1 ||    12
Dodge: Dodged            |    30 |     4 |       ||    34
Block: Shield            |    84 |    20 |     2 ||   106
